cohdb
Replays
Latest Replays
All Replays
Popular Replays
Top Player Replays
Match Explorer
How It Works
Community
CoH3 Stats
Reddit
Sign in to upload your games and track your stats! →
Sign in with Steam
Match 42741181
Unlisted
Match 42741181
Overview
Messages
Build Orders
End
Scout Squad
Selects Special Operations Battlegroup
Selects M29 Weasel Recon Vehicle
M29 Weasel Recon Vehicle
Construct Barracks
Engineer Squad
Riflemen Squad
Riflemen Squad
Riflemen Squad
Infantry Support Center
Selects Raiding Flares
Construct Motor Pool
Selects SSF Commando Squad
SSF Commando Squad
M8 Greyhound Armored Car
M1918 Browning Automatic Rifles
Construct Medical Station
Construct Tank Depot
Selects Air Re-supply Operation
Air Re-Supply Operation
M18 Hellcat Tank Destroyer
Advanced Logistics
M18 Hellcat Tank Destroyer
Gorlak
admiral_gnar
ETfromMARS
Gorbatchev
Hot Cock Sauce
TheBl4ckSwaN
X-MEN
Morox
0
0
Comments
sign in to comment!
No comments posted yet!